 Dungeon Crawl Stone Soup version 0.22.0-38-g04b72b8 (webtiles) character file.

26 Lew the Ducker (level 3, -5/35 HPs)
             Began as a Gnoll Monk on Aug 28, 2018.
             Slain by Sigmund
             ... wielding a +0 scythe
              (13 damage)
             ... on level 2 of the Dungeon.
             The game lasted 00:01:01 (582 turns).

Lew the Ducker (Gnoll Monk)                          Turns: 582, Time: 00:01:02

Health: -5/35      AC:  3    Str: 14    XL:     3   Next: 8%
Magic:  3/3        EV: 16    Int: 12    God:
Gold:   59         SH:  0    Dex: 17    Spells: 3/3 levels left

rFire    + + .     SeeInvis .   a - +0 hand axe
rCold    + . .     Gourm    .   (no shield)
rNeg     . . .     Faith    .   b - +0 robe
rPois    +         Spirit   .   d - +0 helmet
rElec    +         Reflect  .   (no cloak)
rCorr    +         Harm     .   (no gloves)
MR       .....                  (no boots)
Stlth    +++.......             (no amulet)
HPRegen  0.11/turn              e - ring of poison resistance
MPRegen  0.08/turn              g - ring of protection from fire

@: resistant
A: distributed training, fangs 1, strong nose
a: no special abilities


You were on level 2 of the Dungeon.
You were not hungry.

You visited 1 branch of the dungeon, and saw 2 of its levels.

You collected 59 gold pieces.

Inventory:

Hand Weapons
 a - a +0 hand axe (weapon)
Armour
 b - a +0 robe (worn)
 d - a +0 helmet (worn)
Jewellery
 e - a ring of poison resistance (left hand)
 g - a ring of protection from fire (right hand)
Scrolls
 j - 2 scrolls of remove curse {unknown}
Potions
 h - a potion of curing {unknown}
 i - a potion of brilliance {unknown}
 k - a potion of agility {unknown}
Comestibles
 c - 2 rations


   Skills:
 + Level 6.5 Fighting
 + Level 0.6 Short Blades
 + Level 0.6 Long Blades
 + Level 6.5 Axes
 + Level 0.6 Maces & Flails
 + Level 0.6 Polearms
 + Level 0.6 Staves
 + Level 0.6 Slings
 + Level 0.6 Bows
 + Level 0.6 Crossbows
 + Level 0.6 Throwing
 + Level 0.6 Armour
 + Level 6.5 Dodging
 + Level 4.1 Stealth
 + Level 0.6 Shields
 + Level 0.6 Unarmed Combat
 + Level 0.6 Spellcasting
 + Level 0.4 Conjurations
 + Level 0.4 Hexes
 + Level 0.4 Charms
 + Level 0.4 Summonings
 + Level 0.4 Necromancy
 + Level 0.4 Translocations
 + Level 0.4 Transmutations
 + Level 0.4 Fire Magic
 + Level 0.4 Ice Magic
 + Level 0.4 Air Magic
 + Level 0.4 Earth Magic
 + Level 0.4 Poison Magic
 + Level 0.8 Invocations
 + Level 0.6 Evocations


You had 3 spell levels left.
You didn't know any spells.
Your spell library was empty.

Dungeon Overview and Level Annotations

Branches:
Dungeon (2/15)

Altars:
Okawaru

Annotations:
D:2 Sigmund


Innate Abilities, Weirdness & Mutations

Your experience applies equally to all skills.
You have very sharp teeth.
Your uncanny sense of smell can sniff out nearby items.


Message History

Sigmund is moderately wounded.
You hit Sigmund.
Sigmund is moderately wounded.
Sigmund hits you with a scythe.
You hit Sigmund but do no damage.
Sigmund is moderately wounded.
You feel protected. Sigmund hits you with a scythe!
* * * LOW HITPOINT WARNING * * *
You are too injured to fight recklessly!
You are too injured to fight recklessly!
You hit Sigmund.
Sigmund is heavily wounded.
Sigmund casts a spell at you. The puff of flame hits you! You resist.
* * * LOW HITPOINT WARNING * * *
You hit Sigmund but do no damage.
Sigmund is heavily wounded.
Sigmund hits you with a scythe!
You die...

....'..............#
.####..............#
....+.....(.>......###
..# #................#
..#.#..............#.#
#<..#................#
#.###........###K###.#
#.# #........# #.#
.............###@###
..###........###@..+
### #######..###.###
#..# #.# #).# #+# #...
#....∆ #..... #......


You could see Sigmund and a kobold.

Vanquished Creatures
  An ooze (D:1)
  5 goblins
  A hobgoblin (D:2)
  2 jackals (D:2)
  4 bats
  3 frilled lizards (D:1)
  3 kobolds
  2 rats
21 creatures vanquished.

Notes
Turn   | Place    | Note
-------+----------+-------------------------------------------
     0 | D:1      | Lew the Gnoll Monk began the quest for the Orb.
     0 | D:1      | Reached XP level 1. HP: 23/23 MP: 1/1
    56 | D:1      | Reached XP level 2. HP: 28/29 MP: 2/2
   539 | D:2      | Reached XP level 3. HP: 35/35 MP: 3/3
   557 | D:2      | Found an iron altar of Okawaru.
   573 | D:2      | Noticed Sigmund
   582 | D:2      | Slain by Sigmund

Action                   || total
-------------------------++-------
Melee: Hand axe          ||    47
       Bite              ||     6
  Use: Scroll            ||     1
       Potion            ||     1
 Stab: Sleeping          ||     5
Armor: Robe              ||     6
Dodge: Dodged            ||    32
